AoeStats
← LoStratega

Lombardia

508895576Analyzed
2v2 RM · 7d ago on Sep 24, 2026· 73m 49s· 4 players
Game mode
Random Map
Map size
Medium (4 player)
Population
200
Speed
Normal
Resources
Standard
Victory
Conquest
Starting age
Dark Age
Ending age
Imperial Age
RankedLock teamsTeams togetherTeam positionsShared explorationLock speedFull tech treeHidden civsTurbo modeCheats
Victory
Defeat
🇮🇹 Mongols · Italy
1196
+15
🇮🇹 Britons · Italy
1196
+15
🇨🇭 Mongols · Switzerland
1187
-15
🇨🇭 Khmer · Switzerland
1171
-15
Fjschj
5:22 Loom
9:58 Feudal Age
12:15 Bloodlines
14:34 Castle Age
13:42 Double-Bit Axe
13:49 Gold Mining
15:06 Horse Collar
16:24 Bloodlines
24:25 Bow Saw
25:21 Husbandry
26:43 Heavy Plow
28:07 Scale Barding Armor
28:13 Forging
28:11 Light Cavalry
32:29 Imperial Age
30:40 Wheelbarrow
31:53 Chain Barding Armor
32:08 Iron Casting
33:02 Gold Shaft Mining
33:35 Conscription
33:18 Double Crossbow
34:55 Tusk Swords
34:18 Hussar
35:38 Hand Cart
35:09 Town Watch
35:33 Stone Mining
37:45 Plate Barding Armor
38:10 Blast Furnace
39:36 Fletching
40:47 Siege Engineers
41:03 Ballistics
41:05 Bodkin Arrow
41:11 Heavy Scorpion
42:41 Elite Skirmisher
43:24 Padded Archer Armor
47:35 Crop Rotation
48:36 Bracer
48:51 Leather Archer Armor
57:44 Ring Archer Armor
58:17 Chemistry
57:28 Masonry
57:13 Murder Holes
57:47 Caravan
58:44 Elite Battle Elephant
MC_Jumlox
3:23 Loom
9:48 Feudal Age
14:02 Double-Bit Axe
15:12 Wheelbarrow
15:34 Town Watch
18:20 Castle Age
17:17 Horse Collar
18:33 Gold Mining
20:24 Bow Saw
23:03 Heavy Plow
23:15 Stone Mining
24:35 Hand Cart
30:15 Gold Shaft Mining
32:17 Imperial Age
30:00 Masonry
30:13 Fletching
31:02 Forging
31:00 Scale Barding Armor
30:50 Bodkin Arrow
31:41 Bloodlines
32:10 Ballistics
33:23 Chain Barding Armor
33:11 Thumb Ring
34:08 Chemistry
33:47 Husbandry
34:48 Stone Shaft Mining
34:46 Bracer
34:44 Murder Holes
34:51 Squires
34:17 Light Cavalry
35:48 Conscription
36:07 Iron Casting
36:31 Nomads
37:36 Caravan
38:51 Blast Furnace
37:32 Elite Mangudai
38:28 Padded Archer Armor
39:38 Parthian Tactics
39:14 Hussar
41:56 Leather Archer Armor
42:12 Scale Mail Armor
41:36 Elite Skirmisher
42:40 Capped Ram
43:42 Onager
44:53 Onager
45:11 Cavalier
53:59 Hoardings
57:00 Scale Mail Armor
58:01 Siege Ram
68:13 Drill
LoStratega
5:08 Loom
11:17 Feudal Age
12:29 Double-Bit Axe
18:21 Castle Age
19:36 Bow Saw
21:17 Horse Collar
21:55 Gold Mining
24:27 Fletching
27:07 Ballistics
27:00 Treadmill Crane
27:31 Heavy Plow
28:53 Wheelbarrow
29:14 Bodkin Arrow
29:46 Yeomen
31:54 Hand Cart
32:46 Gold Shaft Mining
33:35 Padded Archer Armor
34:27 Fortified Wall
34:30 Masonry
35:03 Caravan
39:12 Imperial Age
36:44 Pikeman
37:25 Squires
37:11 Arson
37:45 Leather Archer Armor
37:30 Scale Mail Armor
37:45 Forging
38:32 Town Watch
40:08 Elite Longbowman
41:57 Chemistry
41:35 Bracer
42:06 Ring Archer Armor
41:52 Chain Mail Armor
41:00 Halberdier
42:12 Conscription
43:04 Siege Engineers
44:53 Iron Casting
45:42 Plate Mail Armor
46:30 Warwolf
46:29 Stone Mining
52:20 Blast Furnace
50:43 Man-at-Arms
51:08 Gambesons
52:27 Long Swordsman
53:30 Two-Handed Swordsman
55:23 Champion
72:39 Capped Ram
Halbert
0:27 Loom
10:32 Feudal Age
11:09 Double-Bit Axe
18:11 Castle Age
22:28 Horse Collar
23:30 Gold Mining
27:02 Stone Mining
27:51 Wheelbarrow
27:59 Bow Saw
31:45 Imperial Age
30:08 Heavy Plow
30:10 Fletching
33:03 Hand Cart
33:52 Ballistics
34:32 Chemistry
33:35 Padded Archer Armor
33:30 Bodkin Arrow
33:35 Padded Archer Armor
33:30 Bodkin Arrow
33:59 Conscription
34:30 Gold Shaft Mining
34:43 Leather Archer Armor
35:05 Husbandry
35:16 Bloodlines
35:32 Masonry
36:01 Thumb Ring
36:21 Parthian Tactics
36:01 Thumb Ring
36:21 Parthian Tactics
36:43 Bracer
38:17 Drill
37:23 Elite Mangudai
39:05 Capped Ram
40:06 Siege Ram
41:56 Siege Engineers
44:42 Fortified Wall
51:40 Caravan
53:22 Forging
53:24 Scale Barding Armor
52:49 Light Cavalry
54:25 Chain Barding Armor
54:40 Iron Casting
54:25 Chain Barding Armor
54:39 Hussar
56:21 Blast Furnace
64:45 Nomads
65:30 Hoardings
Connection lost

Rejoining the realm…

Still unreachable

The connection could not be restored.

Session expired

The server has moved on; the page needs a fresh start.